 Dungeon Crawl Stone Soup version 0.31-a0-931-g7b59d4eb97 (webtiles) character file.

Game seed: 10745835534696990714

148 protoss039 the Digger (level 5, -1/39 HPs)
             Began as a Demonspawn Earth Elementalist on Oct 19, 2023.
             Slain by an orc
             ... wielding a +2 trident of venom
              (7 damage)
             ... on level 4 of the Dungeon.
             The game lasted 00:05:30 (3657 turns).

protoss039 the Digger (DsEE)                        Turns: 3657, Time: 00:05:31

Health: -1/39      AC:  2    Str:  8    XL:     5   Next: 8%
Magic:  0/9        EV: 12    Int: 18    God:
Gold:   229        SH:  0    Dex: 14    Spells: 4/10 levels left

rFire   . . .        b - staff of earth
rCold   . . .        (no shield)
rNeg    . . .        a - +0 robe
rPois   .            (helmet restricted)
rElec   .            (no cloak)
rCorr   .            (no gloves)
SInv    .            (no boots)
Will    .....        (no amulet)
Stlth   ++           (no ring)
HPRegen 0.26/turn    (no ring)
MPRegen 0.11/turn

%: no passive effects
@: lethally poisoned (-1 -> -4)
A: antennae 1
a: no special abilities


You were on level 4 of the Dungeon.
You visited 1 branch of the dungeon, and saw 4 of its levels.

You collected 229 gold pieces.

Inventory:

Missiles
 i - 3 silver javelins
Armour
 a - a +0 robe (worn)
Magical Staves
 b - a staff of earth (weapon)
Scrolls
 d - a scroll of poison {unknown}
 g - a scroll of acquirement {unknown}
 j - a scroll of blinking {unknown}
 l - 3 scrolls of identify {unknown}
 m - 2 scrolls of enchant armour {unknown}
 n - a scroll of immolation {unknown}
 o - a scroll of enchant weapon {unknown}
Potions
 c - a potion of curing {unknown}
 e - 2 potions of attraction {unknown}
 f - a potion of lignification {unknown}
 h - a potion of degeneration {unknown}
 k - a potion of mutation {unknown}


   Skills:
 + Level 2.6 Fighting
 - Level 1.7 Dodging
 - Level 1.7 Stealth
 + Level 3.2 Spellcasting
 + Level 0.1 Conjurations
 - Level 0.8 Transmutations
 + Level 3.7 Earth Magic


You had 4 spell levels left.
You knew the following spells:

 Your Spells              Type           Power      Damage    Failure   Level
a - Sandblast             Erth           48%        2d12      3%          1
b - Passwall              Tmut/Erth      13%        N/A       10%         2
c - Stone Arrow           Conj/Erth      28%        3d8       22%         3

Your spell library contained the following spells:

 Spells                   Type           Power      Damage    Failure   Level
 Apportation              Tloc           4%         N/A       16%         1
 Jinxbite                 Hex            4%         N/A       24%         2
 Petrify                  Tmut/Erth      16%        N/A       52%         4
 Brom's Barrelling Bould  Conj/Erth      14%        2d4       58%         4
 Alistair's Intoxication  Tmut/Pois      2%         N/A       98%         5


Dungeon Overview and Level Annotations

Branches:
Dungeon (4/15) Zot: 20274
 Temple: D:4-7

Altars:
Kikubaaqudgha

Annotations:
D:1 Terence


Innate Abilities, Weirdness & Mutations

You have a pair of small antennae on your head.


Message History

You barely miss the worm.
The worm is heavily wounded.
Unknown command.
You hit the worm.
You shatter the worm.
The worm is almost dead.
A hobgoblin comes into view.
The worm bites you!
Unknown command.
Casting: Sandblast (safe; 3% risk of failure)
Confirm with . or Enter, or press ? or * to list all spells.
You don't have enough magic to cast this spell.
You hit the worm but do no damage.
The worm is severely wounded.
The worm closely misses you.
You hit the worm.
The worm is almost dead.
The orc closely misses you. The orc barely misses you.
Casting: Sandblast (safe; 3% risk of failure)
Confirm with . or Enter, or press ? or * to list all spells.
Aiming: Sandblast (safe; 3% risk of failure)
Press: ? - help, Shift-Dir - straight line, f - orc
Aim: an orc, wielding a +2 trident of venom (83% to hit)
You feel a surge of power!
The blast of sand hits the worm!
You kill the worm!
The orc hits you from afar with a +2 trident of venom!
You are poisoned.
Unknown command.
Unknown command.
* * * LOW HITPOINT WARNING * * *
You feel very sick.
Unknown command.
You feel sick.
Unknown command.
You feel sick.
There is a stone staircase leading up here.
Unknown command.
You feel sick.
The orc shouts!
The orc hits you from afar with a +2 trident of venom!
You die...

## ..#### ....
###...#....
...###..........
##..#.#.......!..
.#..#.......##...w
..................
................
#....@..†#
##.o#g...##
#o##.....#..#
##†.......#
#+#)).......
##..##.### ##.#
... '.). ... ....
..


You could see 2 orcs and a hobgoblin.

Vanquished Creatures
  Jessica (D:3)
  2 adders (D:2)
  2 worms
  2 dart slugs (D:2)
  6 orcs
  6 ball pythons
  3 bats (D:1)
  15 endoplasms
  A giant cockroach (D:1)
  5 hobgoblins
  10 jackals
  2 quokkas (D:2)
  2 frilled lizards (D:1)
  7 goblins
  8 kobolds
  5 rats (D:1)
  A spectral kobold (D:1)
78 creatures vanquished.

Notes
Turn   | Place    | Note
-------+----------+-------------------------------------------
     0 | D:1      | protoss039 the Demonspawn Earth Elementalist began the
                  | quest for the Orb.
     0 | D:1      | Reached XP level 1. HP: 13/13 MP: 3/3
   285 | D:1      | Discovered your monstrous ancestry.
   285 | D:1      | Gained mutation: You have a pair of small antennae on your
                  | head. [demonic ancestry]
   285 | D:1      | Reached XP level 2. HP: 20/20 MP: 3/5
   315 | D:1      | Found a faded altar of an unknown god.
   399 | D:1      | Reached skill level 1 in Fighting
   750 | D:1      | Reached XP level 3. HP: 20/26 MP: 1/6
  1529 | D:1      | Learned a level 2 spell: Passwall
  1530 | D:2      | Noticed Terence
  1673 | D:2      | Learned a level 3 spell: Stone Arrow
  2050 | D:2      | Reached XP level 4. HP: 30/33 MP: 1/8
  2673 | D:3      | Noticed Jessica
  2679 | D:3      | Killed Jessica
  3484 | D:3      | Found an ancient bone altar of Kikubaaqudgha.
  3630 | D:4      | Identified the of Foanat
  3640 | D:4      | Reached XP level 5. HP: 30/39 MP: 3/9
  3657 | D:4      | Slain by an orc

Illustrated notes

Levels and vault maps discovered:
D:1:      spicycebolla_green_bress_n_ham, layout_loops_corners,
          dreamdust_ecumenical_altar_drowned_temple, grunt_decor_one_mirror
D:2:      layout_basic, uniq_terence
D:3:      layout_loops_corners, mainiacjoe_overflow_catwalk, minivault_14,
          minmay_misc_feat_plants, uniq_jessica
D:4:      layout_cave_pools, dreamdust_divine_triumvirate, trog_book,
          nicolae_hexahallways

Skill      XL: |  1  2  3  4 |
---------------+-------------+-----
Fighting       | 1 2 |  2.6
Earth Magic    | 3 |  3.7
Spellcasting   | 3 |  3.2
Dodging        | |  1.7
Stealth        | |  1.7
Conjurations   | |  0.1
Transmutations | |  0.8

Action                     |  1- 3 |  4- 6 || total
---------------------------+-------+-------++-------
  Melee: Unarmed           |    10 |       ||    10
         Staff             |    16 |     6 ||    22
   Cast: Sandblast         |    72 |    41 ||   113
    Use: Potion            |     1 |       ||     1
   Stab: Sleeping          |       |     1 ||     1
 Armour: Robe              |    50 |    14 ||    64
  Dodge: Dodged            |    56 |    25 ||    81

Table legend: (Time is in decaauts)
 A = Elapsed time spent in this place.
 B = Non-inter-level travel time spent in this place.
 C = Inter-level travel time spent in this place.
 D = Time resting spent in this place.
 E = Time spent auto-exploring this place.
 F = Levels seen in this place.
 G = Mean time per level.
                   A        B        C        D        E       F      G
               +--------+--------+--------+--------+--------+-----+--------+
         Total |   3724 |   3630 |     94 |    179 |   2951 |   4 |  931.0 |
       Dungeon |   3724 |   3630 |     94 |    179 |   2951 |   4 |  931.0 |
               +--------+--------+--------+--------+--------+-----+--------+

Top non-repeatable levels by time:
     D:1: 1615 daAuts
     D:2: 1062 daAuts
     D:3: 1013 daAuts
     D:4: 33 daAuts
